 Dungeon Crawl Stone Soup version 0.30.0 (webtiles) character file.

Game seed: 15982270046752430542

658 Ragna the Chopper (level 7, -1/60 HPs)
             Began as a Minotaur Fighter on Dec 4, 2023.
             Killed from afar by an orc wizard (5 damage)
             ... with a puff of flame
             ... on level 5 of the Dungeon.
             The game lasted 00:21:21 (2669 turns).

Ragna the Chopper (Minotaur Fighter)                Turns: 2669, Time: 00:21:22

Health: -1/60      AC: 10    Str: 22    XL:     7   Next: 29%
Magic:  6/6        EV:  9    Int:  5    God:
Gold:   198        SH:  4    Dex: 10    Spells: 6/6 levels left

rFire   . . .        a - +0 war axe
rCold   . . .        c - +0 buckler
rNeg    . . .        b - +0 scale mail
rPois   .            (helmet restricted)
rElec   .            (no cloak)
rCorr   .            (no gloves)
SInv    .            i - +2 pair of boots {Fly}
Will    +....        (no amulet) Stlth
                     o - ring of willpower
HPRegen 0.30/turn    (no ring)
MPRegen 0.10/turn

%: no passive effects
@: flying
A: horns 2, retaliatory headbutt
a: no special abilities


You were on level 5 of the Dungeon.
You visited 1 branch of the dungeon, and saw 5 of its levels.

You collected 198 gold pieces.

Inventory:

Hand Weapons
 a - a +0 war axe (weapon)
 m - a +0 dagger of freezing
 t - a +1 vampiric spear
Missiles
 u - 7 boomerangs (quivered)
 D - a throwing net
Armour
 b - a +0 scale mail (worn)
 c - a +0 buckler (worn)
 i - a +2 pair of boots of flying (worn)
Jewellery
 o - a ring of willpower (left hand)
Wands
 j - a wand of roots (10)
Scrolls
 e - a scroll of silence {unknown}
 f - 2 scrolls of fog {unknown}
 h - a scroll of blinking {unknown}
 k - a scroll of immolation {unknown}
 n - 6 scrolls of identify {unknown}
 r - 2 scrolls of magic mapping {unknown}
 v - a scroll of teleportation {unknown}
 w - a scroll of enchant armour {unknown}
 y - a scroll of amnesia {unknown}
 z - a scroll of butterflies {unknown}
 B - a scroll of noise {unknown}
 C - a scroll of fear {unknown}
Potions
 d - 2 potions of might
 g - a potion of resistance {unknown}
 l - a potion of degeneration {unknown}
 p - 4 potions of heal wounds {unknown}
 q - a potion of mutation {unknown}
 s - a potion of ambrosia {unknown}
 x - a potion of invisibility {unknown}
 A - a potion of curing {unknown}


   Skills:
 + Level 4.9 Fighting
 + Level 6.9 Axes
 + Level 2.2 Throwing
 + Level 5.6 Armour
 + Level 1.0 Dodging
 + Level 0.3 Stealth
 + Level 4.3 Shields


You had 6 spell levels left.
You didn't know any spells.
Your spell library contained the following spells:

 Spells                   Type           Power      Damage    Failure   Level
 Apportation              Tloc           0%         N/A       85%         1
 Necrotise                Necr           0%         1d4       85%         1
 Sting                    Tmut/Pois      0%         1d3       85%         1
 Summon Small Mammal      Summ           0%         N/A       85%         1
 Poisonous Vapours        Pois/Air       0%         N/A       94%         2
 Olgreb's Toxic Radiance  Pois           0%         N/A       100%        4


Dungeon Overview and Level Annotations

Branches:
Dungeon (5/15)
 Temple: D:4-7

Altars:
Dithmenos
Hepliaklqana
Kikubaaqudgha
Qazlal
Trog
Uskayaw


Innate Abilities, Weirdness & Mutations

You have a pair of horns on your head.
You reflexively headbutt those who attack you in melee.


Message History

The orc warrior hits you with a +0 trident.
* * * LOW HITPOINT WARNING * * *
You hit the orc warrior but do no damage.
The orc warrior is almost dead.
The orc warrior hits you but does no damage.
You slash the orc warrior!
You kill the orc warrior!
Your Dodging skill increases to level 1!
Things that are here:
a +0 trident; a +0 plate armour; an orc corpse You see here a +0 heavy flail.
There is a bloodstained altar of Trog here.
An orc wizard comes into view. It is wielding a +0 dagger.
The orc wizard shouts!
You hear a shout!
Things that are here:
a +0 trident; a +0 plate armour; an orc corpse You hit the orc wizard.
The orc wizard is moderately wounded.
The orc wizard casts a spell at you. The puff of flame hits you.
* * * LOW HITPOINT WARNING * * *
You closely miss the orc wizard.
The orc wizard is moderately wounded.
The orc wizard hits you but does no damage.
A gnoll comes into view. It is wielding a +0 club.
You barely miss the orc wizard. You headbutt the orc wizard.
The orc wizard is heavily wounded.
You block the orc wizard's attack.
You miss the orc wizard. Your headbutt misses the orc wizard.
The orc wizard is heavily wounded.
The orc wizard barely misses you. You furiously retaliate!
You headbutt the orc wizard. The orc wizard casts a spell at you.
The magic dart hits you.
* * * LOW HITPOINT WARNING * * *
You closely miss the orc wizard.
The orc wizard is almost dead.
The orc wizard points at you and mumbles some strange words.
The puff of flame hits you.
You die...

##.# #.# # #.#
## #.# ##
##### .# #.#
#.. #._.# ##
#.# ..###.).#
#######.#
#g#...##
........#
##o..##
#########
##.@.##
##...##
##...## #...##
### #####
##...# #..
...# #..###
#.#####.###.##
#.#.........#
#.#.###.###.#


You could see an orc wizard and a gnoll.

Vanquished Creatures
  Grinder (D:3)
  An orc warrior (D:5)
  A scorpion (D:4)
  A gnoll bouda (D:5)
  A hound (D:5)
  A sleepcap (D:4)
  8 gnolls
  6 adders
  2 worms (D:2)
  2 dart slugs
  8 orcs
  7 endoplasms
  A giant cockroach (D:2)
  8 goblins
  2 hobgoblins
  2 jackals (D:2)
  8 kobolds
  5 ball pythons
  5 bats
  5 frilled lizards
  3 rats (D:3)
78 creatures vanquished.

Vanquished Creatures (others)
  4 plants (D:3)
4 creatures vanquished.

Grand Total: 82 creatures vanquished

Notes
Turn   | Place    | Note
-------+----------+-------------------------------------------
     0 | D:1      | Ragna the Minotaur Fighter began the quest for the Orb.
     0 | D:1      | Reached XP level 1. HP: 19/19 MP: 0/0
   532 | D:1      | Reached XP level 2. HP: 27/27 MP: 1/1
   875 | D:2      | Reached XP level 3. HP: 33/33 MP: 2/2
   905 | D:2      | Reached skill level 3 in Axes
  1026 | D:2      | Found a hazy altar of Hepliaklqana.
  1418 | D:3      | Noticed Grinder
  1440 | D:3      | Paralysed by Grinder for 3 turns
  1445 | D:3      | Killed Grinder
  1446 | D:3      | Reached skill level 5 in Axes
  1446 | D:3      | Reached skill level 5 in Armour
  1446 | D:3      | Reached XP level 4. HP: 11/41 MP: 3/3
  1446 | D:3      | Reached XP level 5. HP: 12/47 MP: 4/4
  1529 | D:3      | Reached XP level 6. HP: 31/53 MP: 5/5
  1579 | D:3      | Found a stormy altar of Qazlal.
  1583 | D:3      | Found a shadowy altar of Dithmenos.
  1666 | D:3      | Found an ancient bone altar of Kikubaaqudgha.
  1668 | D:3      | Found a hide-covered altar of Uskayaw.
  1995 | D:4      | Reached skill level 6 in Axes
  2241 | D:5      | Entered Level 5 of the Dungeon
  2257 | D:5      | Reached skill level 1 in Throwing
  2383 | D:5      | Reached XP level 7. HP: 32/60 MP: 6/6
  2641 | D:5      | Found a bloodstained altar of Trog.
  2650 | D:5      | HP: 2/60 [orc warrior/+0 trident (5)]
  2653 | D:5      | Reached skill level 1 in Dodging
  2668 | D:5      | HP: 3/60 [orc wizard/magic dart (2)]
  2669 | D:5      | Killed from afar by an orc wizard

Illustrated notes

Levels and vault maps discovered:
D:1:      shiori_arrival_oz, layout_basic, chequers_mini_garden,
          minmay_lizard_king
D:2:      layout_rooms, basic_altar, supply_closet_lemuel
D:3:      layout_basic, nicolae_overflow_hidden_temple, serial_forest,
          infiniplex_forest_straight_2, infiniplex_forest_lined_3,
          infiniplex_forest_clump_medium, infiniplex_forest_straight_4,
          infiniplex_forest_clump_curved, infiniplex_forest_end_1,
          infiniplex_forest_lined_3, chequers_serial_rivers_small_3,
          dk_vineyard_3, uniq_grinder
D:4:      layout_cave_pools
D:5:      layout_loops_corners, nzn_overflow_gifts_of_might_and_magic,
          okawaru_trees_1, minmay_temple_entry_offerings, chequers_avenue

Skill      XL: |  1  2  3  4  5  6  7 |
---------------+----------------------+-----
Armour         | 4 5 |  5.6
Fighting       | 4 |  4.9
Shields        | 4 |  4.3
Axes           | 5 6 |  6.9
Throwing       | 2 |  2.2
Dodging        | 1 |  1.0
Stealth        | |  0.3

Action                     |  1- 3 |  4- 6 |  7- 9 || total
---------------------------+-------+-------+-------++-------
  Melee: War axe           |    80 |    67 |    29 ||   176
         Headbutt          |     6 |    11 |     2 ||    19
  Throw: Boomerang         |     1 |    19 |       ||    20
    Use: Potion            |     1 |       |       ||     1
 Armour: Scale mail        |    48 |    37 |    14 ||    99
  Dodge: Dodged            |    37 |    28 |    10 ||    75
  Block: Buckler           |    16 |    11 |     5 ||    32
